 Dungeon Crawl Stone Soup version 0.22-a0-93-g6b88ebb (webtiles) character file.

11337 4thArraOfDagon the Cleaver (level 12, -2/111 HPs)
             Began as a Human Wanderer on Jan 23, 2018.
             Was an Elder of Hepliaklqana.
             Slain by Agnes
             ... wielding a +1 lajatang of speed
              (33 damage)
             ... on level 15 of the Dungeon.
             The game lasted 00:29:56 (5355 turns).

4thArraOfDagon the Cleaver (Human Wanderer)         Turns: 5355, Time: 00:29:57

Health: -2/111     AC: 10    Str: 17    XL:     12   Next: 6%
Magic:  20/23      EV: 19    Int: 16    God:    Hepliaklqana [****..]
Gold:   430        SH:  0    Dex: 18    Spells: 25/25 levels left

rFire    + . .     SeeInvis .   A - +2 war axe (freeze)
rCold    . . .     Gourm    .   (no shield)
rNeg     . . .     Faith    .   L - +0 troll leather armour
rPois    .         Spirit   .   b - +1 helmet
rElec    .         Reflect  .   (no cloak)
rCorr    .         Harm     .   D - +0 pair of gloves
MR       .....                  (no boots)
Stlth    ..........             (no amulet)
HPRegen  1.08/turn              o - ring of protection from fire
MPRegen  0.18/turn              w - ring of stealth

@: agile, berserking, very quick
A: reduced essence, iridescent scales 1, regeneration 1, weak 1
a: Recall Ancestor, Ancestor Identity, Transference, Idealise, Renounce Religion


You were on level 15 of the Dungeon.
You worshipped Hepliaklqana.
Hepliaklqana was greatly pleased with you.
You were not hungry.

You visited 1 branch of the dungeon, and saw 15 of its levels.
You also visited: Labyrinth and Ossuary.

You collected 766 gold pieces.
You spent 336 gold pieces at shops.

Inventory:

Hand Weapons
 a - a +2 mace
 r - a +5 flail
 v - the +7 longbow "Piercer" {penet, EV-2}
   (You found it in a labyrinth)

   Ammo fired by it will pass through the targets it hits, potentially hitting
   all targets in its path until it reaches maximum range.
   It affects your evasion (-2).
 A - a +2 war axe of freezing (weapon)
Armour
 b - a +1 helmet (worn)
 c - a +0 robe
 h - a +0 plate armour
 i - a +0 leather armour
 D - a +0 pair of gloves (worn)
 F - a -1 chain mail
 I - a +0 scale mail
 L - a +0 troll leather armour (worn)
Magical Staves
 M - an uncursed staff of fire
Jewellery
 o - a ring of protection from fire (left hand)
 w - a ring of stealth (right hand)
 E - an uncursed ring of fire
Wands
 n - a wand of disintegration (6)
 y - a wand of scattershot (1)
 z - a wand of polymorph (22)
 O - a wand of enslavement (10)
Scrolls
 f - 2 scrolls of fog
 g - 6 scrolls of remove curse
 j - a scroll of immolation
 l - 2 scrolls of blinking
 m - 4 scrolls of teleportation
 s - 2 scrolls of torment
 C - 2 scrolls of amnesia
 J - 2 scrolls of brand weapon {unknown}
 K - a scroll of fear
Potions
 e - a potion of curing
 k - 2 potions of might
 p - a potion of magic
 q - 2 potions of haste
 t - 2 potions of agility
 u - a potion of invisibility
 B - 4 potions of flight
 G - a potion of resistance
 H - a potion of brilliance
Comestibles
 d - 13 rations


   Skills:
 - Level 4.0 Fighting
 * Level 9.5(10.9) Axes
 - Level 8.7(10.6) Maces & Flails
 - Level 2.0(5.8) Staves
 + Level 1.3 Bows
 - Level 1.0 Throwing
 - Level 4.2 Armour
 - Level 4.2 Dodging
 + Level 7.4 Spellcasting
 - Level 8.3 Invocations
 - Level 1.0 Evocations


You had 25 spell levels left.
You didn't know any spells.

Dungeon Overview and Level Annotations

Branches:
Dungeon (15/15)            Temple (0/1) D:6            Lair (0/6) D:8
    Orc: D:9-12      Vaults: D:13-14     Depths: D:15

Altars:
Cheibriados
Dithmenos
Hepliaklqana
Kikubaaqudgha
Okawaru
Ru
Uskayaw

Shops:
D:5 !*::[   D:6 }=   D:14 (

Annotations:
D:4 wazuzu's ghost, amateur DsEn
D:10 exclusion: ice statue
D:15 Agnes


Innate Abilities, Weirdness & Mutations

Your life essence is reduced to manifest your ancestor. (-10% HP)
You are partially covered in iridescent scales. (AC +2)
Your natural rate of healing is unusually fast.
You are weak. (Str -2)


Message History

Kenrick hits Agnes with a flail!
Unknown command.
You slash Agnes! You freeze Agnes.
Agnes is moderately wounded.
Agnes hits you with a lajatang of speed.
Unknown command.
You closely miss Agnes.
Agnes is moderately wounded.
Agnes hits you but does no damage.
Kenrick closely misses Agnes.
Unknown command.
You slash Agnes! You freeze Agnes.
Agnes is heavily wounded.
Agnes closely misses you.
Agnes hits you with a lajatang of speed!!
* * * LOW HITPOINT WARNING * * *
Unknown command.
You slice Agnes!! You freeze Agnes!
Agnes is severely wounded.
Agnes hits you with a lajatang of speed!!
You die...

. ####.. ####### ......#
#.....#### .....#
#........####....#
#...........#....#
#..........##....#
#..........#.....#
#..........#.....#
'.....######...R@# #########
###'###.........i# #........
...........#####.######........
...........#...'..............
...........#...#.....<.....#
...........#...#...........#
##.........#.. #...........#
#.........### #...........#
#........... ....#####....#


You could see the friendly Kenrick the knight and Agnes.

Vanquished Creatures
  An anaconda (Lab)
  A two-headed ogre (D:12)
  The ghost of Television the Destroyer, a novice DsWz of Makhleb (D:12)
  An ugly thing (D:13)
  A centaur zombie (D:13)
  A hornet (D:9)
  A troll (D:10)
  A hippogriff (D:10)
  5 yaks (D:10)
  A hungry ghost (D:8)
  A steam dragon (D:12)
  A warg (D:12)
  An orc warrior (D:12)
  3 phantoms
  3 ice beasts
  7 ogres
  4 centaurs
  A big kobold (D:9)
  A bullfrog (D:8)
  A gnoll sergeant (D:11)
  2 jellies
  An earth elemental (Lab)
  A killer bee (D:7)
  A scorpion (D:8)
  A troll skeleton (Lab)
  8 wights
  An electric eel (D:12)
  2 crimson imps
  A bullfrog zombie (D:8)
  3 orc priests
  5 orc wizards
  5 hounds
  2 iguanas
  6 worker ants
  A big kobold zombie (Ossuary)
  8 mummies (Ossuary)
  A hound skeleton (D:4)
  A worker ant zombie (D:7)
  2 gnolls (D:11)
  7 adders
  2 adder zombies (D:5)
  An adder skeleton (D:4)
  A worm (D:4)
  2 dart slugs
  3 leopard geckos
  22 orcs
  3 bats
  4 giant cockroaches
  2 gnoll zombies (Ossuary)
  2 goblins (D:3)
  A hobgoblin (D:3)
  8 jackals
  2 quokkas
  4 frilled lizards (D:3)
  3 hobgoblin zombies (Ossuary)
  8 kobolds
  2 kobold zombies (Ossuary)
  5 rats
171 creatures vanquished.

Vanquished Creatures (collateral kills)
  A centaur warrior (D:14)
  A gargoyle (D:12)
  A centaur skeleton (D:15)
  A troll (D:12)
  A hippogriff (D:12)
  A wraith (D:11)
  2 wyverns (D:9)
  A yak (D:10)
  A hungry ghost (D:9)
  A soldier ant (D:12)
  2 ice beasts
  2 orc warriors (D:9)
  2 phantoms (D:9)
  An ogre (D:11)
  2 centaurs
  A bullfrog (D:9)
  2 killer bees (D:7)
  A wight (D:10)
  A jelly (D:8)
  A hound (D:8)
  5 orc wizards
  2 worker ants
  2 gnolls (D:11)
  2 adders (D:9)
  An ufetubus (D:10)
  A leopard gecko (D:9)
  7 orcs
  A kobold (D:9)
  A quokka (D:8)
48 creatures vanquished.

Vanquished Creatures (others)
  3 knights
  An ancestor (D:8)
  2 ufetubi (D:10)
  4 plants (D:12)
10 creatures vanquished.

Grand Total: 229 creatures vanquished

Notes
Turn   | Place    | Note
-------+----------+-------------------------------------------
     0 | D:1      | 4thArraOfDagon the Human Wanderer began the quest for the Orb.
     0 | D:1      | 4thArraOfDagon set off with: a +2 mace, 2 potions of lignification, a +0 robe, a ration
     0 | D:1      | Reached XP level 1. HP: 16/16 MP: 1/1
    68 | D:2      | Reached XP level 2. HP: 22/22 MP: 2/2
    75 | D:2      | Reached XP level 3. HP: 27/27 MP: 3/3
   220 | D:2      | Gained mutation: You are weak. (Str -2) [potion of mutation]
   220 | D:2      | Gained mutation: You are partially covered in iridescent scales. (AC +2) [potion of mutation]
   220 | D:2      | Gained mutation: Your natural rate of healing is unusually fast. [potion of mutation]
   347 | D:3      | Reached XP level 4. HP: 34/34 MP: 4/4
   531 | D:4      | Noticed wazuzu's ghost (amateur DsEn)
   540 | D:3      | Reached XP level 5. HP: 39/39 MP: 5/5
   690 | D:5      | Entered Level 5 of the Dungeon
   702 | D:5      | Found Siustut's Distillery.
   718 | D:5      | Bought a potion of might for 48 gold pieces
   721 | D:5      | Noticed a centaur
   737 | D:5      | Killed a centaur
   737 | D:5      | Reached XP level 6. HP: 40/47 MP: 6/6
   815 | D:4      | Found a sand-covered staircase.
   819 | Ossuary  | Entered an ossuary
  1042 | Ossuary  | Reached XP level 7. HP: 35/52 MP: 7/7
  1273 | D:4      | Reached skill level 5 in Maces & Flails
  1296 | D:3      | Found a shadowy altar of Dithmenos.
  1303 | D:3      | Found a snail-covered altar of Cheibriados.
  1303 | D:3      | Found a hazy altar of Hepliaklqana.
  1304 | D:3      | Found an iron altar of Okawaru.
  1304 | D:3      | Found a sacrificial altar of Ru.
  1304 | D:3      | Found a hide-covered altar of Uskayaw.
  1333 | D:3      | Became a worshipper of Hepliaklqana the Forgotten
  1457 | D:5      | Bought a potion of heal wounds for 60 gold pieces
  1457 | D:5      | Bought a potion of haste for 120 gold pieces
  1457 | D:5      | Bought a potion of berserk rage for 60 gold pieces
  1457 | D:5      | Bought a potion of agility for 48 gold pieces
  1579 | D:6      | Found Nofuo's Gadget Emporium.
  1591 | D:6      | Reached skill level 1 in Invocations
  1623 | D:5      | Found Ymuclock's Book Shop.
  1653 | D:5      | Reached XP level 8. HP: 26/54 MP: 7/9
  1698 | D:5      | Found Uforruj's Book Boutique.
  1744 | D:5      | Found Lufakkeyrgh's Assorted Antiques.
  1816 | D:5      | Found Natsutiw's Armour Boutique.
  1920 | D:6      | Found a staircase to the Ecumenical Temple.
  1948 | D:6      | Reached * piety under Hepliaklqana
  2127 | D:6      | Reached skill level 1 in Spellcasting
  2212 | D:6      | Found Utuygrac's Jewellery Boutique.
  2306 | D:7      | Reached XP level 9. HP: 46/58 MP: 10/12
  2543 | D:7      | Found an ancient bone altar of Kikubaaqudgha.
  2986 | D:8      | Found a staircase to the Lair.
  3087 | D:8      | Reached ** piety under Hepliaklqana
  3088 | D:8      | Remembered your ancestor Kenrick as a knight
  3120 | D:9      | Reached skill level 5 in Invocations
  3222 | D:9      | Reached skill level 1 in Axes
  3222 | D:9      | Reached XP level 10. HP: 23/63 MP: 16/16
  3276 | D:9      | Reached skill level 2 in Axes
  3365 | D:9      | Reached skill level 3 in Axes
  3467 | D:9      | Reached skill level 4 in Axes
  3485 | D:9      | Reached skill level 5 in Spellcasting
  3622 | D:10     | Entered Level 10 of the Dungeon
  3622 | D:10     | Noticed an ice devil
  3710 | D:10     | Reached skill level 5 in Axes
  3928 | D:10     | Reached skill level 6 in Axes
  3931 | D:10     | Reached XP level 11. HP: 21/69 MP: 19/19
  4029 | D:11     | Reached *** piety under Hepliaklqana
  4041 | D:11     | Noticed a skeletal warrior
  4231 | D:11     | Noticed a skeletal warrior
  4299 | D:12     | Reached skill level 7 in Axes
  4422 | D:12     | Noticed Television's ghost (novice DsWz)
  4460 | D:12     | Noticed a two-headed ogre
  4539 | D:12     | Killed Television's ghost
  4544 | D:12     | Killed a two-headed ogre
  4544 | D:12     | Reached skill level 8 in Axes
  4721 | D:13     | Noticed a cyan ugly thing
  4740 | D:13     | Killed a purple ugly thing
  4788 | D:14     | Found Pist's Antique Weapon Emporium.
  4836 | D:14     | Found a labyrinth entrance.
  4853 | Lab      | Entered a labyrinth
  4982 | Lab      | Noticed a minotaur
  4984 | Lab      | Noticed an anaconda
  4984 | Lab      | a minotaur changed into an anaconda
  4990 | Lab      | Killed an anaconda
  4990 | Lab      | Reached skill level 9 in Axes
  5007 | Lab      | Found the +7 longbow "Piercer" {penet, EV-2}
  5085 | D:15     | Entered Level 15 of the Dungeon
  5107 | D:15     | Noticed Agnes
  5128 | D:14     | Found a hazy altar of Hepliaklqana.
  5141 | D:14     | Reached **** piety under Hepliaklqana
  5173 | D:14     | Noticed a centaur warrior
  5186 | D:14     | Killed a centaur warrior
  5186 | D:14     | Reached skill level 1 in Bows
  5186 | D:14     | Reached XP level 12. HP: 41/74 MP: 21/23
  5355 | D:15     | Slain by Agnes

Vault maps used:
D:1:      onia_arrival_mini_spirals
D:2:      bloody_trog, first_ration, okawaru_gym_becter, uniq_crazy_yiuf_cottage
D:3:      grunt_temple_overflow_open
D:4:      enter_ossuary_5
D:5:      serial_shops, shop, kennysheep_mini, kennysheep_little_box, shop, shop
D:6:      minmay_temple_entry_large_hall, serial_shops, shop, shop, shop
D:7:      marbit_many_paths, kennysheep_generic_room_6
D:8:      lair_entry_dummy
D:10:     cheibrodos_frozen_isle, uniq_sonja
D:12:     david_orc_3, basic_altar, serial_bayou, serial_bayou_pond_b,
          serial_bayou_ford_a, serial_bayou_shore_a, serial_bayou_lake_a
D:13:     uniq_azrael, uniq_erolcha
D:14:     lightli_vaults_fourway_checkpoint, lab_entry_generic, serial_shops,
          nicolae_shop_statue_plus, basic_altar, uniq_nessos
D:15:     grunt_enter_depths_giant_problem, serial_shops, shop,
          minmay_crystal_room, minmay_misc_feat_more_columns, uniq_agnes
Lab:      labyrinth_mini_lab, labyrinth_skeletal_remains,
          nicolae_lab_very_dead_end, nicolae_lab_quarters,
          nicolae_lab_starburst, nicolae_lab_swirl, nicolae_lab_dead_end,
          nicolae_lab_diamond, labyrinth_lava_lair, nicolae_lab_t_cross
Ossuary:  ossuary_tomb_3

Skill      XL: |  1  2  3  4  5  6  7  8  9 10 11 |
---------------+----------------------------------+-----
Maces & Flails | 3 4 5 6 8 |  8.7
Armour         | 2 3 4 |  4.2
Dodging        | 2 3 4 |  4.2
Fighting       | 3 4 |  4.0
Invocations    | 1 3 5 7 8 |  8.3
Spellcasting   | 2 4 5 7 |  7.4
Axes           | 1 6 9 |  9.5
Bows           | 1 |  1.3
Staves         | |  2.0
Throwing       | |  1.0
Evocations     | |  1.0

Action                   |  1- 3 |  4- 6 |  7- 9 | 10-12 || total
-------------------------+-------+-------+-------+-------++-------
Melee: Mace              |    83 |   211 |   258 |       ||   552
       Flail             |       |       |   168 |       ||   168
       War axe           |       |       |     9 |   350 ||   359
Throw: Throwing net      |       |       |       |     1 ||     1
Invok: Recall Ancestor   |       |       |     1 |     3 ||     4
       Ancestor Life: Kn |       |       |     1 |       ||     1
       Idealise          |       |       |       |     1 ||     1
Evoke: Wand              |       |       |     8 |    20 ||    28
  Use: Potion            |     4 |     3 |     2 |     9 ||    18
       Scroll            |       |     7 |    12 |     5 ||    24
 Stab: Invisible         |       |     2 |       |       ||     2
       Distracted        |       |       |       |     4 ||     4
  Eat: Ration            |       |     1 |     1 |     2 ||     4
       Chunk             |       |       |     5 |     4 ||     9
Armor: Skin              |    27 |       |       |     6 ||    33
       Robe              |     4 |       |       |       ||     4
       Plate armour      |    50 |   235 |   312 |   119 ||   716
       Troll leather arm |       |       |       |    80 ||    80
Dodge: Dodged            |    15 |    53 |   100 |   161 ||   329

Table legend:
 A = Spawn XP
 B = Non-spawn XP
 C = Spawn XP percentage of total XP
 D = Spawn monster count
 E = Non-spawn monster count
 F = Spawn count percentage of total count
 G = Total turns spent on level
                    A         B        C        D         E        F      G
               +---------+---------+-------+---------+---------+-------+---------
         Total |       0 |   16197 |   0.0 |       0 |     220 |   0.0 |  5355
               +---------+---------+-------+---------+---------+-------+---------
           D:1 |       0 |      13 |   0.0 |       0 |       6 |   0.0 |    89
           D:2 |       0 |      43 |   0.0 |       0 |       6 |   0.0 |   222
           D:3 |       0 |      57 |   0.0 |       0 |      24 |   0.0 |   292
           D:4 |       0 |     277 |   0.0 |       0 |      12 |   0.0 |   464
           D:5 |       0 |     601 |   0.0 |       0 |      19 |   0.0 |   499
           D:6 |       0 |     570 |   0.0 |       0 |       8 |   0.0 |   385
           D:7 |       0 |     718 |   0.0 |       0 |      14 |   0.0 |   450
           D:8 |       0 |    1062 |   0.0 |       0 |      21 |   0.0 |   410
           D:9 |       0 |    2276 |   0.0 |       0 |      35 |   0.0 |   538
          D:10 |       0 |    2129 |   0.0 |       0 |      20 |   0.0 |   382
          D:11 |       0 |     997 |   0.0 |       0 |      14 |   0.0 |   243
          D:12 |       0 |    3660 |   0.0 |       0 |      16 |   0.0 |   418
          D:13 |       0 |    1289 |   0.0 |       0 |       4 |   0.0 |    95
          D:14 |       0 |     917 |   0.0 |       0 |       1 |   0.0 |   273
          D:15 |       0 |     367 |   0.0 |       0 |       1 |   0.0 |   141
           Lab |       0 |    1042 |   0.0 |       0 |       3 |   0.0 |   156
       Ossuary |       0 |     179 |   0.0 |       0 |      16 |   0.0 |   298
               +---------+---------+-------+---------+---------+-------+---------
